 Dungeon Crawl Stone Soup version 0.30-a0-50-gb2d611f6b1 (webtiles) character file.

Game seed: 1187694145449021873

635 timneilson the Covered (level 7, -1/66 HPs)
             Began as a Gargoyle Fighter on Sept 4, 2022.
             Slain by a gnoll sergeant
             ... wielding a +0 vorpal trident
              (2 damage)
             ... on level 3 of the Dungeon.
             The game lasted 00:10:30 (6592 turns).

timneilson the Covered (Gargoyle Fighter)           Turns: 6592, Time: 00:10:32

Health: -1/66      AC: 23    Str: 21    XL:     7   Next: 50%
Magic:  7/7        EV:  2    Int:  9    God:
Gold:   203        SH:  4    Dex:  9    Spells: 6/6 levels left

rFire   . . .      SeeInvis .    a - +0 long sword
rCold   . . .      Faith    .    c - +0 buckler
rNeg    + . .      Spirit   .    (body armour currently unavailable)
rPois   ∞          Reflect  .    (helmet currently unavailable)
rElec   .          Harm     .    (cloak currently unavailable)
rCorr   .          Rampage  .    (gloves currently unavailable)
Will    .....      NoTele   +    (boots currently unavailable)
Stlth   +.........               (no amulet)
HPRegen 0.21/turn                (no ring)
MPRegen 0.10/turn                (no ring)

@: brilliant, tree-form
A: stationary, stasis, torment immunity, boosted hp, sickness immunity, AC +4,
negative energy resistance 1, (electricity resistance), torment resistance 1,
petrification resistance
a: no special abilities


You were on level 3 of the Dungeon.
You were a tree.
You visited 1 branch of the dungeon, and saw 4 of its levels.

You collected 203 gold pieces.

Inventory:

Hand Weapons
 a - a +0 long sword (weapon)
Missiles
 j - 3 throwing nets (quivered)
Armour
 b - a +0 scale mail (melded)
 c - a +0 buckler (worn)
 f - a +1 cloak (melded)
 g - a +1 pair of gloves (melded)
 o - a +0 helmet (melded)
Jewellery
 e - a +6 ring of strength
 h - a ring of protection from fire
Wands
 k - a wand of flame (16)
Scrolls
 i - 2 scrolls of teleportation
 p - 2 scrolls of identify
 q - a scroll of fear {unknown}
 r - a scroll of noise {unknown}
 s - a scroll of torment {unknown}
Potions
 d - 2 potions of might


   Skills:
 + Level 4.3 Fighting
 * Level 3.7 Long Blades
 * Level 5.3 Armour
 + Level 1.8 Dodging
 * Level 5.2 Shields
 + Level 1.6 Evocations


You had 6 spell levels left.
You didn't know any spells.
Your spell library contained the following spells:

 Spells                   Type           Power      Damage    Failure   Level
 Apportation              Tloc           0%         N/A       45%         1
 Necrotise                Necr           0%         1d4       45%         1
 Summon Small Mammal      Summ           0%         N/A       45%         1
 Call Canine Familiar     Summ           0%         N/A       83%         3
 Summon Guardian Golem    Hex/Summ       0%         N/A       83%         3


Dungeon Overview and Level Annotations

Branches:
Dungeon (4/15)
 Temple: D:4-7

Altars:
Ashenzari
Fedhas
Makhleb

Shops:
D:4 *


Innate Abilities, Weirdness & Mutations

You are a tree.
Your roots penetrate the ground, keeping you stationary.
You cannot be teleported.
You are immune to unholy pain and torment.
Your maximum health is greatly increased.
Your equipment is partially melded.
You are immune to sickness and miasma.
((Your stone body is resilient. (AC +4)))
You are immune to poison.
You resist negative energy. (rN+)
((You are resistant to electric shocks. (rElec)))
You are resistant to unholy torment.
You are immune to petrification.


Message History

You climb upwards.
There is a stone staircase leading down here.
You hit the gnoll.
The gnoll is lightly wounded.
You block the gnoll sergeant's attack. The gnoll hits you but does no damage.
You hit the gnoll.
The gnoll is severely wounded.
The gnoll sergeant hits you but does no damage.
You block the gnoll's attack.
You closely miss the gnoll.
The gnoll is severely wounded.
The gnoll sergeant barely misses you. The gnoll hits you with a +0 halberd!
You hit the gnoll.
The gnoll is severely wounded.
The gnoll hits you but does no damage.
The gnoll sergeant hits you with a +0 vorpal trident.
* * * LOW HITPOINT WARNING * * *
x2 The gnoll barely misses you.
The gnoll sergeant closely misses you.
It was a potion of curing.
You feel better. The gnoll barely misses you.
The gnoll sergeant barely misses you.
You hit the gnoll but do no damage.
The gnoll is severely wounded.
The gnoll sergeant hits you with a +0 vorpal trident.
You block the gnoll's attack.
You hit the gnoll but do no damage.
The gnoll is severely wounded.
The gnoll hits you with a +0 halberd!
* * * LOW HITPOINT WARNING * * *
The gnoll sergeant barely misses you.
It was a potion of brilliance.
You feel clever all of a sudden. The gnoll sergeant barely misses you.
The gnoll completely misses you.
It was a potion of lignification.
You turn into a tree.
Your +1 cloak melds into your body.
Your +0 helmet melds into your body.
Your +1 pair of gloves melds into your body.
Your +0 scale mail melds into your body.
Your roots penetrate the ground.
The gnoll sergeant hits you with a +0 vorpal trident!
* * * LOW HITPOINT WARNING * * *
You die...

#.#........##........# #.#
###.#........#########.# #.#
....#........#########.#####.##
#####.#.##.#.......[..........#
.........#.#..#####..##########
#####.####.#....###.##
#####......#.##.#...#
...........#.##g.g######
...........#.###♣).....#
......>....### #######.#
...........# #.#
.........######### #.#
.........#2#_....#####.#
.........#######.......#
...........# ###########
...........# #...#####
...........# ###.....#####


You could see a gnoll sergeant and a gnoll.

Vanquished Creatures
  A phantom (D:3)
  2 scorpions (D:3)
  A jelly (D:4)
  An orc priest (D:4)
  A hound (D:4)
  2 orc wizards
  Robin (D:2)
  2 adders
  16 gnolls
  4 worms
  3 dart slugs
  5 orcs
  6 ball pythons
  4 endoplasms
  7 giant cockroaches
  16 goblins
  12 hobgoblins
  6 quokkas
  8 bats
  A frilled lizard (D:1)
  10 kobolds
  4 rats
113 creatures vanquished.

Notes
Turn   | Place    | Note
-------+----------+-------------------------------------------
     0 | D:1      | timneilson the Gargoyle Fighter began the quest for the
                  | Orb.
     0 | D:1      | Reached XP level 1. HP: 14/14 MP: 1/1
   474 | D:1      | Reached XP level 2. HP: 17/19 MP: 2/2
  1021 | D:1      | Reached XP level 3. HP: 23/23 MP: 3/3
  2024 | D:2      | Reached XP level 4. HP: 28/28 MP: 4/4
  2172 | D:2      | Found a broken altar of Ashenzari.
  2242 | D:2      | HP: 1/28 [gnoll/+0 halberd (5)]
  2253 | D:2      | Reached skill level 1 in Dodging
  2749 | D:2      | Found a faded altar of an unknown god.
  2834 | D:3      | Found a blossoming altar of Fedhas.
  3060 | D:2      | Reached XP level 5. HP: 21/33 MP: 5/5
  3433 | D:3      | Noticed Robin
  3461 | D:3      | HP: 1/33 [Robin/puff of flame (6)]
  3758 | D:2      | Killed Robin
  4175 | D:3      | Reached XP level 6. HP: 17/38 MP: 6/6
  4482 | D:3      | Reached skill level 1 in Evocations
  4546 | D:3      | Found a burning altar of Makhleb.
  4548 | D:3      | Noticed a balrug
  5129 | D:4      | Reached skill level 5 in Armour
  5129 | D:4      | Reached skill level 5 in Shields
  5129 | D:4      | Reached XP level 7. HP: 36/43 MP: 7/7
  5772 | D:4      | Found Etogimp's General Store.
  5773 | D:4      | Found Huleime's Specific Store.
  6592 | D:3      | HP: 1/66 [gnoll sergeant/+0 vorpal trident (8)]
  6592 | D:3      | Slain by a gnoll sergeant

Illustrated notes

Levels and vault maps discovered:
D:1:      roderic_chinese_lattice_arrival, layout_loops_corners
D:2:      layout_rooms, basic_altar, shapermc_ecumenical_altar_petra
D:3:      layout_basic, fedhas_altar_2, makhleb_altar_promises_db,
          corexii_item_surrounded_by_moat, minmay_between, uniq_robin
D:4:      layout_rooms, nicolae_specific_store, minmay_door_square,
          minmay_hedge_maze

Skill      XL: |  1  2  3  4  5  6 |
---------------+-------------------+-----
Long Blades    | 2 3 |  3.7
Armour         | 4 5 |  5.3
Dodging        | 1 |  1.8
Shields        | 4 5 |  5.2
Fighting       | 4 |  4.3
Evocations     | 1 |  1.6

Action                   |  1- 3 |  4- 6 |  7- 9 || total
-------------------------+-------+-------+-------++-------
Melee: Long sword        |   137 |   355 |   145 ||   637
  Use: Scroll            |     3 |     5 |       ||     8
       Potion            |       |     1 |     3 ||     4
Armor: Scale mail        |    85 |   242 |    93 ||   420
Dodge: Dodged            |    68 |   158 |    74 ||   300
Block: Buckler           |    33 |    90 |    42 ||   165

Table legend: (Time is in decaauts)
 A = Elapsed time spent in this place.
 B = Non-inter-level travel time spent in this place.
 C = Inter-level travel time spent in this place.
 D = Time resting spent in this place.
 E = Time spent auto-exploring this place.
 F = Levels seen in this place.
 G = Mean time per level.
                   A        B        C        D        E       F      G
               +--------+--------+--------+--------+--------+-----+--------+
         Total |   6793 |   6622 |    171 |   1486 |   3546 |   4 | 1698.2 |
       Dungeon |   6793 |   6622 |    171 |   1486 |   3546 |   4 | 1698.2 |
               +--------+--------+--------+--------+--------+-----+--------+

Top non-repeatable levels by time:
     D:3: 2349 daAuts
     D:1: 1859 daAuts
     D:2: 1600 daAuts
     D:4: 984 daAuts
